 Dungeon Crawl Stone Soup version 0.16-a0-3394-g83d1dde (console) character file.

9215 MarvinPA the Martial Artist (level 11, -7/77 HPs)
             Began as an Octopode Transmuter on Dec 30, 2014.
             Was an Elder of Ru.
             Mangled by a yak (12 damage)
             ... on level 11 of the Dungeon.
             The game lasted 00:42:20 (12983 turns).

MarvinPA the Martial Artist (Octopode Transmuter)  Turns: 12983, Time: 00:42:20

Health: -7/77      AC:  1    Str: 10    XL:     11   Next: 43%
Magic:  25/25      EV: 16    Int: 20    God:    Ru [****..]
Gold:   497        SH:  0    Dex: 12    Spells: 4 memorised, 9 levels left

rFire  . . .     SeeInvis .     b - +0 blowgun
rCold  . . .     Clarity  .     (helmet restricted)
rNeg   . . .     SustAb   +     c - amulet of rage (curse)
rPois  +         Gourm    .     k - ring of sustain abilities (curse)
rElec  .         Spirit   .     y - ring of poison resistance
rCorr  .         Warding  .     z - +1 ring of intelligence
rMut   .         Stasis   .     (no ring)
MR     .....                    (no ring)
Stlth  ++........               (no ring)
                                (no ring)

@: exhausted, very slightly contaminated, slowed, very slow, not resistant to
hostile enchantments, unstealthy
A: almost no armour, amphibious, 8 rings, constrict 7, camouflage 1, gelatinous
body 1, missing a hand, hated by all
a: Draw Out Power, Power Leap, Renounce Religion, Evoke Berserk Rage


You were on level 11 of the Dungeon.
You worshipped Ru.
Ru was greatly pleased with you.
You were hungry.

You visited 2 branches of the dungeon, and saw 11 of its levels.
You also visited: Ice Cave.

You collected 497 gold pieces.


Innate Abilities, Weirdness & Mutations

You cannot wear most types of armour.
You are amphibious.
You can wear up to eight rings at the same time.
You can use your tentacles to constrict many enemies at once.
Your skin changes colour to match your surroundings (Stealth).
Your rubbery body absorbs attacks (AC +1).
You are missing a hand.
You are hated by all.


   Skills:
 - Level 8.1 Fighting
 - Level 8.2 Dodging
 + Level 8.8 Unarmed Combat
 - Level 6.4 Spellcasting
 - Level 8.0 Transmutations
 + Level 3.7 Evocations


You had 9 spell levels left.
You knew the following spells:

 Your Spells              Type           Power        Failure   Level  Hunger
c - Ice Form              Ice/Trmt       ###.....     21%         4    ####...
v - Blade Hands           Trmt           #####.....   12%         5    #####..
x - Spider Form           Trmt/Pois      ###.......   8%          3    ##.....
z - Beastly Appendage     Trmt           #####.       1%          1    None

Inventory:

Hand weapons
 b - a +0 blowgun (weapon)
Missiles
 q - 7 tomahawks
 s - a throwing net
 D - 26 poisoned needles (quivered)
 I - 3 curare-tipped needles
Jewellery
 c - a cursed amulet of rage (around mantle)
 g - a cursed amulet of warding
 k - a cursed ring of sustain abilities (left tentacle)
 y - a ring of poison resistance (right tentacle)
 z - a +1 ring of intelligence (on tentacle)
Magical devices
 E - a wand of teleportation (0) {!d}
 F - a wand of teleportation (7) {!d}
 H - a wand of digging (13)
Scrolls
 e - 3 scrolls of teleportation
 j - a scroll of immolation {!r}
 l - 9 scrolls of remove curse
 G - a scroll of fog
Potions
 f - 2 potions of agility {unknown}
 i - 4 potions of curing
 m - 2 potions of might
 n - a potion of poison {unknown}
 r - 3 potions of lignification {unknown}
 u - a potion of magic {unknown}
 w - a potion of haste {unknown}
 x - a potion of cure mutation {unknown}
 A - a potion of restore abilities {unknown}
 B - a potion of brilliance {unknown}
 C - a potion of beneficial mutation {unknown}
Books
 d - a book of Changes
Comestibles
 a - 10 bread rations
 o - a slice of pizza
 p - 4 meat rations
 v - 2 beef jerkies
 J - 8 chunks of flesh {@w1}

Dungeon Overview and Level Annotations

Branches:
Dungeon (11/15)            Temple (1/1) D:4            Lair (0/8) D:11
    Orc: D:9-12

Altars:
Ashenzari
Cheibriados
Dithmenos
Elyvilon
Fedhas
Gozag
Kikubaaqudgha
Makhleb
Nemelex Xobeh
Okawaru
Qazlal
Ru
Sif Muna
Trog
Vehumet
Xom
Yredelemnul
Zin
The Shining One

Annotations:
D:9 Psyche

##### ....# ## ###
###.# ##.##.. #.###
##...#.# #...#
##......# #...#
##......x### #...#
#.......Y..# ##.##
##.........# #)#
##........# #.#
##.......#####. #.#
##........(((. ## #(#
##....#####..> .###.#
#.......#
).##)#######....[..#.


You could see a yak.


Message History

The polar bear claws you but does no damage. x2
You redirect the polar bear's attack!
You completely miss the yak.
The polar bear stops glowing.
The yak gores you.
* * * LOW HITPOINT WARNING * * *
The polar bear bites you!
* * * LOW HITPOINT WARNING * * *
The polar bear claws you.
* * * LOW HITPOINT WARNING * * *
The polar bear claws you but does no damage.
Read which item? (? for menu, Esc to quit)
Blink to where?
Okay, then.
An ice covered gate leading back out of this place.
Read which item? (? for menu, Esc to quit)
Blink to where?
As you read the scroll of blinking, it crumbles to dust.
You warm up again.
The yak closely misses you.
Welcome back to the Dungeon!
There is a collapsed entrance here.
Drink which item? (? for menu, Esc to quit)
Okay, then.
Unknown command.
Unknown command.
The yak completely misses you.
Unknown command.
You feel a little less mighty now.
The yak snorts and paws the ground.
The yak gores you!
You die...

Action                   |  1- 3 |  4- 6 |  7- 9 | 10-12 || total
-------------------------+-------+-------+-------+-------++-------
Melee: Unarmed           |    89 |   137 |   450 |   355 ||  1031
 Fire: Blowgun           |       |       |       |    10 ||    10
 Cast: Beastly Appendage |     4 |     3 |       |       ||     7
       Sticks to Snakes  |     7 |    20 |    16 |       ||    43
       Spider Form       |       |     4 |    30 |    13 ||    47
       Ice Form          |       |       |     2 |    15 ||    17
Invok: Draw Out Power    |       |       |     5 |     2 ||     7
       Sacrifice a Hand  |       |       |     1 |       ||     1
       Sacrifice Love    |       |       |     1 |       ||     1
       Power Leap        |       |       |       |     2 ||     2
 Abil: End Transformatio |       |     1 |    21 |    24 ||    46
       Evoke Berserk Rag |       |       |     1 |     1 ||     2
Evoke: Wand              |       |       |     4 |     2 ||     6
  Use: Scroll            |     3 |     3 |    10 |     5 ||    21
       Potion            |       |       |       |     4 ||     4
 Stab: Sleeping          |       |     2 |     7 |     1 ||    10
       Distracted        |       |       |     2 |       ||     2
       Confused          |       |       |     3 |       ||     3
       Invisible         |       |       |     1 |     2 ||     3
       Fleeing           |       |       |     1 |       ||     1
  Eat: Chunk             |     4 |     6 |    25 |    15 ||    50
       Beef jerky        |       |     1 |       |       ||     1

Vault maps used:
D:1:      lemuel_arrival_tunnels, minivault_14, minmay_surrounded
D:2:      lemuel_doored_altar, kennysheep_cluttered_room, due_unseen_surprise
D:3:      lemuel_round_altar, uniq_iyjb
D:4:      temple_green, uniq_menkaure
D:5:      okawaru_ov_weapons_minmay, first_bread, uniq_eustachio
D:6:      wad_pebble_path, kennysheep_little_box, basic_altar
D:7:      trog_ov_bears_minmay, uniq_sigmund
D:8:      lemuel_round_altar, uniq_duvessa
D:9:      kennysheep_mini_moat, uniq_pikel, uniq_psyche
D:11:     lair_0_dummy, portal_ice_cave_entry_imps, david_nohive_1
Temple:   zaba_magenta_temple_12
IceCv:    ice_cave_small_giant

Notes
Turn   | Place    | Note
--------------------------------------------------------------
     0 | D:1      | MarvinPA, the Octopode Transmuter, began the quest for the Orb.
     0 | D:1      | Reached XP level 1. HP: 13/13 MP: 3/3
   224 | D:1      | Reached XP level 2. HP: 15/18 MP: 2/4
   930 | D:1      | Learned a level 2 spell: Sticks to Snakes
   950 | D:1      | Reached XP level 3. HP: 11/23 MP: 1/6
  1276 | D:1      | Reached skill level 3 in Transmutations
  1888 | D:2      | Found an ancient bone altar of Kikubaaqudgha.
  2072 | D:2      | Reached XP level 4. HP: 26/28 MP: 7/7
  2102 | D:2      | Reached skill level 4 in Unarmed Combat
  2242 | D:2      | Learned a level 3 spell: Spider Form
  2858 | D:3      | Reached XP level 5. HP: 31/34 MP: 2/9
  2872 | D:3      | Found a shattered altar of Ashenzari.
  2873 | D:3      | Reached skill level 2 in Fighting
  3080 | D:3      | Noticed Ijyb
  3091 | D:3      | Killed Ijyb
  3785 | D:4      | Noticed Menkaure
  3809 | D:4      | Killed Menkaure
  3809 | D:4      | Reached skill level 3 in Dodging
  3809 | D:4      | Reached skill level 4 in Transmutations
  3809 | D:4      | Reached XP level 6. HP: 14/39 MP: 0/10
  4027 | D:4      | Noticed MarvinPA's ghost (average OpTm)
  4063 | D:4      | Killed MarvinPA's ghost
  4063 | D:4      | Reached skill level 4 in Dodging
  4234 | D:4      | Noticed a phantom
  4260 | D:4      | Killed a phantom
  4260 | D:4      | Reached XP level 7. HP: 31/45 MP: 8/12
  4359 | D:4      | Noticed a phantom
  4384 | D:4      | Killed a phantom
  4384 | D:4      | Reached skill level 3 in Fighting
  4983 | D:4      | Found a staircase to the Ecumenical Temple.
  4986 | D:4      | Reached skill level 3 in Spellcasting
  4991 | Temple   | Entered the Ecumenical Temple
  5075 | Temple   | Became a worshipper of Ru the Awakened
  5414 | D:5      | Entered Level 5 of the Dungeon
  5472 | D:5      | Noticed yuleCrawler's ghost (experienced FoFi)
  5579 | D:5      | Found an iron altar of Okawaru.
  6048 | D:5      | Noticed Eustachio
  6061 | D:5      | Killed Eustachio
  6061 | D:5      | Reached skill level 5 in Transmutations
  6063 | D:5      | Reached XP level 8. HP: 33/52 MP: 10/17
  6221 | D:6      | Reached skill level 4 in Spellcasting
  6245 | D:6      | Found a shimmering altar of Xom.
  6476 | D:6      | Gained mutation: You are missing a hand. [Ru sacrifice]
  6476 | D:6      | Acquired Ru's first power
  6476 | D:6      | Acquired Ru's second power
  6476 | D:6      | Acquired Ru's third power
  6750 | D:6      | Reached skill level 4 in Fighting
  6750 | D:6      | Reached skill level 5 in Unarmed Combat
  7208 | D:6      | Found a white marble altar of Elyvilon.
  7299 | D:5      | Learned a level 4 spell: Ice Form
  8086 | D:7      | Reached skill level 6 in Unarmed Combat
  8180 | D:7      | Reached XP level 9. HP: 59/59 MP: 18/20
  8211 | D:7      | Reached skill level 6 in Transmutations
  8366 | D:7      | Noticed Sigmund
  8377 | D:7      | Killed Sigmund
  8670 | D:7      | Reached skill level 5 in Spellcasting
  8837 | D:7      | Reached skill level 7 in Unarmed Combat
  8854 | D:7      | Found a bloodstained altar of Trog.
  8966 | D:6      | HP: 3/59 [ogre/giant club (24)]
  8971 | D:6      | Reached skill level 7 in Transmutations
  9311 | D:5      | Found an iron altar of Okawaru.
  9490 | D:5      | Gained mutation: You are hated by all. [Ru sacrifice]
  9490 | D:5      | Acquired Ru's fourth power
  9500 | D:5      | Killed yuleCrawler's ghost
  9500 | D:5      | Reached skill level 6 in Spellcasting
 10174 | D:5      | Reached XP level 10. HP: 65/65 MP: 22/24
 10556 | D:8      | Reached skill level 8 in Unarmed Combat
 10570 | D:8      | Reached skill level 8 in Transmutations
 10586 | D:8      | Learned a level 5 spell: Blade Hands
 10811 | D:8      | Noticed Dowan
 10812 | D:8      | Noticed Duvessa
 10822 | D:8      | Killed Duvessa
 10822 | D:8      | Reached skill level 5 in Dodging
 10854 | D:8      | Reached skill level 5 in Fighting
 10855 | D:8      | Killed Dowan
 11207 | D:8      | Reached skill level 6 in Dodging
 11213 | D:8      | Reached skill level 6 in Fighting
 11580 | D:8      | Found a glowing silver altar of Zin.
 11898 | D:9      | Noticed Psyche
 12045 | D:9      | Noticed Pikel
 12052 | D:9      | Killed Pikel
 12052 | D:9      | Reached skill level 7 in Dodging
 12121 | D:9      | Reached skill level 7 in Fighting
 12444 | D:9      | You fall through a shaft for 2 floors!
 12565 | D:11     | Reached XP level 11. HP: 44/75 MP: 22/25
 12644 | D:11     | Noticed gabygaby's ghost (experienced DsIE)
 12657 | D:11     | Killed gabygaby's ghost
 12661 | D:11     | Noticed a white ugly thing
 12681 | D:11     | Killed a white ugly thing
 12681 | D:11     | Reached skill level 8 in Fighting
 12681 | D:11     | Reached skill level 8 in Dodging
 12777 | D:11     | Found a frozen archway.
 12845 | D:11     | Reached skill level 1 in Evocations
 12873 | D:11     | Found a staircase to the Lair.
 12925 | IceCv    | Entered an ice cave
 12942 | IceCv    | Reached skill level 2 in Evocations
 12955 | IceCv    | Reached skill level 3 in Evocations
 12977 | IceCv    | HP: 6/92 [polar bear (9)]
 12983 | D:11     | Mangled by a yak

Vanquished Creatures
  The ghost of gabygaby the Chiller, an experienced DsIE of Kikubaaqudgha (D:11)
  Pikel (D:9)
  The ghost of yuleCrawler the Carver, an experienced FoFi of Okawaru (D:5)
  An ugly thing (D:11)
  2 polar bears (IceCv)
  A two-headed ogre (D:11)
  The ghost of MarvinPA the Insei, an average OpTm (D:4)
  A basilisk (D:11)
  2 wyverns
  A hippogriff (D:8)
  2 hungry ghosts
  Eustachio (D:5)
  3 yaks (IceCv)
  Menkaure (D:4)
  3 wolves (IceCv)
  3 ice beasts
  2 necrophages
  5 orc warriors
  2 black bears (D:7)
  A water moccasin (D:9)
  A yellow wasp (D:8)
  A sky beast (D:7)
  3 phantoms
  5 ogres
  4 slaves (D:9)
  Duvessa (D:8)
  3 centaurs
  4 giant frogs
  A big kobold (D:7)
  A wyvern zombie (D:11)
  3 killer bees (D:8)
  2 scorpions
  A goliath beetle (D:8)
  3 jellies
  Dowan (D:8)
  6 hounds
  3 crimson imps
  2 giant frog skeletons (D:9)
  8 orc wizards
  4 orc priests
  3 iguanas
  4 worker ants
  Ijyb (D:3)
  3 hound skeletons
  2 mummies
  4 gnolls (D:6)
  11 adders
  A shadow imp (D:6)
  4 giant mites
  12 white imps (D:11)
  A worm (D:5)
  2 adder skeletons
  An adder zombie (D:6)
  2 giant geckos (D:5)
  An ooze (D:2)
  48 orcs
  7 bats
  3 giant cockroaches
  18 goblins
  11 hobgoblins
  6 jackals
  4 quokkas
  3 ball pythons
  12 giant newts
  2 jackal skeletons (D:4)
  14 kobolds
  2 quokka skeletons (D:4)
  18 rats
292 creatures vanquished.

Vanquished Creatures (collateral kills)
  2 phantoms (D:4)
  Sigmund (D:7)
  4 adders
  2 worms
  An orc (D:3)
  A goblin (D:1)
11 creatures vanquished.

Vanquished Creatures (others)
  A hippogriff (D:8)
  A rat (D:7)
2 creatures vanquished.

Grand Total: 305 creatures vanquished
